 Dungeon Crawl Stone Soup version 0.31-a0-180-g519b7de00c (webtiles) character file.

Game seed: 15635454435566425929

13102 qw the Cleaver (level 12, -12/76 HPs)
             Began as a Gargoyle Fighter on June 19, 2023.
             Was a High Priest of Okawaru.
             Killed from afar by a deep elf pyromancer (31 damage)
             ... with a bolt of fire
             ... on level 10 of the Dungeon.
             The game lasted 00:06:25 (10016 turns).

qw the Cleaver (Gargoyle Fighter)                  Turns: 10016, Time: 00:06:26

Health: -12/76     AC: 32    Str: 25    XL:     12   Next: 2%
Magic:  16/17      EV:  9    Int:  9    God:    Okawaru [*****.]
Gold:   1128       SH:  6    Dex:  9    Spells: 11/11 levels left

rFire   . . .        i - +1 war axe (flame)
rCold   + . .        c - +0 buckler
rNeg    + . .        s - +0 plate armour
rPois   inf          a - +0 helmet
rElec   +            g - +0 cloak
rCorr   .            (no gloves)
SInv    .            (no boots)
Will    +....        (no amulet) Stlth
                     e - +4 ring of protection
HPRegen 0.32/turn    q - ring of willpower
MPRegen 0.15/turn

%: no passive effects
@: heroic
A: sickness immunity, AC +8, negative energy resistance 1, electricity
resistance, torment resistance 1, petrification resistance, cold resistance 1,
wild magic 1, noise suppression
a: Renounce Religion, Heroism, Finesse, Duel


You were on level 10 of the Dungeon.
You worshipped Okawaru.
Okawaru was extremely pleased with you.
You visited 1 branch of the dungeon, and saw 10 of its levels.

You collected 1191 gold pieces.
You spent 63 gold pieces at shops.


Innate Abilities, Weirdness & Mutations

You are immune to sickness and miasma.
Your stone body is resilient. (AC +8)
You are immune to poison.
You resist negative energy. (rN+)
You are resistant to electric shocks. (rElec)
You are resistant to unholy torment.
You are immune to petrification.
Your flesh is cold resistant. (rC+)
Your spells are a little harder to cast, but a little more powerful.
You passively dampen the noise of your surroundings.


   Skills:
 - Level 9.1(14.1) Fighting
 - Level 12.1(17.1) Axes
 - Level 2.1(7.1) Throwing
 + Level 8.9(13.9) Armour
 - Level 2.0(7.0) Dodging
 - Level 6.1(11.1) Shields
 + Level 6.6 Invocations


You had 11 spell levels left.
You didn't know any spells.
Your spell library was empty.

Inventory:

Hand Weapons
 i - a +1 war axe of flaming (weapon)
Missiles
 l - 8 boomerangs
 t - 2 silver boomerangs (quivered)
Armour
 a - a +0 helmet (worn)
 c - a +0 buckler (worn)
 g - a +0 cloak (worn)
 s - a +0 plate armour (worn)
Jewellery
 e - a +4 ring of protection (left hand)
 k - a ring of positive energy
 q - a ring of willpower (right hand)
 Y - a ring of protection from cold
Scrolls
 b - a scroll of identify
 n - 3 scrolls of teleportation
Potions
 d - 2 potions of might
 f - a potion of attraction
 h - a potion of heal wounds
 j - a potion of cancellation
 m - a potion of magic
 o - a potion of haste
 p - a potion of resistance
 r - 2 potions of curing
 u - a potion of mutation
 w - a potion of lignification
 x - a potion of invisibility {unknown}

Dungeon Overview and Level Annotations

Branches:
Dungeon (10/15)            Temple (0/1) D:7            Lair (0/5) D:10
    Orc (0/2) D:9

Altars:
Hepliaklqana
Kikubaaqudgha
Okawaru
Qazlal
Vehumet
Wu Jian
The Shining One

Shops:
D:2 [   D:7 (

Annotations:
D:5 3 runed translucent doors, qw's ghost, amateur GrHu; qw's ghost, amateur NaHu; qw's ghost, novice GrFi
D:6 3 runed translucent doors, qw's ghost, novice GrHu


Message History

You have reached level 12!
You feel clever.
You slash something! You burn something. Something hits you but does no damage.
Something bites you.
You miss something. Something hits you but does no damage. Something bites you!
You closely miss something. You miss something.
The yak snorts and paws the ground.
Something hits you but does no damage. Something bites you but does no damage.
You closely miss something. Something hits you! Something bites you.
You hit something but do no damage. You barely miss something.
You hit the deep elf pyromancer. You burn the deep elf pyromancer.
The deep elf pyromancer is lightly wounded.
You closely miss the deep elf pyromancer.
The deep elf pyromancer is lightly wounded.
The deep elf pyromancer casts a spell at you.
The bolt of fire hits you but does no damage.
You hit the deep elf pyromancer. You burn the deep elf pyromancer.
The deep elf pyromancer is lightly wounded.
You hit the deep elf pyromancer. You burn the deep elf pyromancer.
The deep elf pyromancer is moderately wounded.
The deep elf pyromancer casts a spell at you.
The sticky flame hits you but does no damage.
You are covered in liquid flames!
You completely miss the deep elf pyromancer.
The deep elf pyromancer is moderately wounded.
You are covered in liquid flames!
The deep elf pyromancer hits you but does no damage.
You slash the deep elf pyromancer! You burn the deep elf pyromancer.
The deep elf pyromancer is severely wounded.
You are covered in liquid flames!
You barely miss the deep elf pyromancer.
The deep elf pyromancer is severely wounded.
You are covered in liquid flames!
You are no longer on fire.
The deep elf pyromancer casts a spell at you.
The bolt of fire hits you!!
You die...

<......'#..##'# #'
#.#.'8.8.8).
.......#..#..#.###.
##..#.8.8.#.
.......####..#....
#...#8.8.8#. .......#
#'#####'#####'#####'###.
####...# ...
#.$...#.#)#.#)##).#.
.......#
#...#.....##.).###..#.#.
.......+
#'.$...'.:...'#)..#+.
.......#
##..%..##().##)#.#.#.
.......#
#..@..#.#)#.#..#..#
...###.#
###e#####'#####'###
.......# .{Y) ... .#
.......# #..... .###. #
.......+ .'..(.['. .'
####...# #.#[)...#. ##
...# ..#[[..$#.. '#
###'### #'


You could see a deep elf pyromancer and a yak.

Vanquished Creatures
  A hydra (D:10)
  2 two-headed ogres (D:10)
  A skeletal warrior (D:10)
  A deep elf archer (D:10)
  A deep elf pyromancer (D:10)
  A cyclops (D:10)
  Maurice (D:9)
  A yaktaur (D:10)
  A kobold demonologist (D:9)
  A komodo dragon (D:10)
  A hornet (D:10)
  A shadow (D:10)
  A wraith (D:10)
  23 yaks
  3 steam dragons
  A vampire mosquito (D:10)
  An acid dragon (D:9)
  Duvessa (D:7)
  3 water moccasins
  An ice beast (D:5)
  2 black bears
  2 orc warriors
  2 sky beasts
  3 ogres
  2 centaurs (D:10)
  A phantom (D:7)
  5 bullfrogs
  5 kobold brigands
  A scorpion (D:4)
  A gnoll sergeant (D:8)
  A wight (D:10)
  Dowan (D:7)
  9 killer bees
  2 howler monkeys (D:10)
  2 orc priests (D:7)
  4 hounds
  4 jellies
  3 iguanas
  A gnoll bouda (D:7)
  12 orc wizards
  A sleepcap (D:8)
  14 gnolls
  12 adders
  2 shadow imps (D:5)
  5 white imps
  2 worms (D:2)
  3 dart slugs
  40 orcs
  6 ball pythons
  2 bats
  8 endoplasms
  2 giant cockroaches
  7 goblins
  5 hobgoblins
  13 jackals
  4 quokkas
  21 kobolds
  3 rats
260 creatures vanquished.

Notes
Turn   | Place    | Note
-------+----------+-------------------------------------------
     0 | D:1      | qw the Gargoyle Fighter began the quest for the Orb.
     0 | D:1      | Reached XP level 1. HP: 14/14 MP: 1/1
     0 | D:1      | 0 ||| qw: Version: 0.3-a-7-ge0c9b40
     0 | D:1      | 0 ||| qw: Game counter: 1001
     0 | D:1      | 0 ||| qw: Always use a shield: true
     0 | D:1      | 0 ||| qw: God list: Okawaru
     0 | D:1      | 0 ||| qw: Allow faded altars: false
     0 | D:1      | 0 ||| qw: Do Orc after D:15 true
     0 | D:1      | 0 ||| qw: Do second Lair branch before Depths: true
     0 | D:1      | 0 ||| qw: Lair rune preference: random
     0 | D:1      | 0 ||| qw: Plans: Normal, Zot:1-4, Slime:5, God:TSO, Crypt,
                  | Tomb, Abyss, Pan, Hells, Win
     0 | D:1      | 0 ||| PLANNING D:1-11
    38 | D:1      | 38 ||| Stepping ~*~*~tactically~*~*~ (hiding).
    47 | D:1      | Reached skill level 2 in Axes
   193 | D:1      | Reached XP level 2. HP: 19/19 MP: 2/2
   298 | D:1      | Reached skill level 3 in Axes
   341 | D:1      | Reached XP level 3. HP: 21/23 MP: 3/3
   732 | D:1      | 732 ||| UPGRADING to +0 cloak.
   737 | D:1      | 737 ||| UPGRADING to +4 ring of protection.
   738 | D:1      | 738 ||| UPGRADING to ring of willpower.
   739 | D:1      | 739 ||| READING scroll labelled NACUDD METH.
   740 | D:1      | 740 ||| DROPPING +0 club.
   741 | D:1      | 741 ||| READING scroll labelled QAGUPR MI TUNN.
   742 | D:1      | 742 ||| READING scroll labelled EXOAPR TAAT.
   743 | D:1      | 743 ||| DRINKING 2 puce potions.
   955 | D:2      | 955 ||| Stepping ~*~*~tactically~*~*~ (stealth).
   958 | D:2      | 958 ||| Stepping ~*~*~tactically~*~*~ (hiding).
  1009 | D:2      | Found Liotaum's Armour Emporium.
  1021 | D:2      | Reached XP level 4. HP: 28/28 MP: 4/4
  1023 | D:2      | 1023 ||| BUYING +0 chain mail (63 gold).
  1023 | D:2      | Bought a +0 chain mail for 63 gold pieces
  1023 | D:2      | 1023 ||| SHOPLISTING +0 pair of gloves (63 gold, have 43).
  1023 | D:2      | 1023 ||| SHOPLISTING +3 plate armour of cold resistance
                  | (630 gold, have 43).
  1103 | D:2      | 1103 ||| Stepping ~*~*~tactically~*~*~ (stealth).
  1118 | D:2      | Reached skill level 4 in Axes
  1768 | D:2      | 1768 ||| UPGRADING to +0 helmet.
  1773 | D:2      | 1773 ||| DROPPING +1 hat.
  1774 | D:2      | 1774 ||| UPGRADING to +0 chain mail.
  1784 | D:2      | 1784 ||| DROPPING +0 scale mail.
  1785 | D:2      | 1785 ||| READING scroll labelled QUCOUHAYNN.
  1790 | D:2      | 1790 ||| READING scroll labelled TUREYP VAUNAXT.
  1893 | D:3      | 1893 ||| Stepping ~*~*~tactically~*~*~ (hiding).
  1895 | D:3      | 1895 ||| Stepping ~*~*~tactically~*~*~ (hiding).
  1896 | D:3      | 1896 ||| Stepping ~*~*~tactically~*~*~ (hiding).
  1897 | D:3      | 1897 ||| Stepping ~*~*~tactically~*~*~ (hiding).
  1898 | D:3      | 1898 ||| Stepping ~*~*~tactically~*~*~ (hiding).
  1899 | D:3      | 1899 ||| Stepping ~*~*~tactically~*~*~ (hiding).
  1900 | D:3      | 1900 ||| Stepping ~*~*~tactically~*~*~ (hiding).
  1901 | D:3      | 1901 ||| Stepping ~*~*~tactically~*~*~ (hiding).
  2027 | D:3      | 2027 ||| Stepping ~*~*~tactically~*~*~ (stealth).
  2037 | D:3      | Reached XP level 5. HP: 25/32 MP: 5/5
  2040 | D:3      | HP: 7/32 [gnoll/+0 whip (5)]
  2076 | D:3      | 2076 ||| FLEEEEING.
  2121 | D:3      | 2121 ||| FLEEEEING.
  2124 | D:3      | 2124 ||| STAIRDANCE
  2410 | D:3      | Reached skill level 5 in Axes
  2686 | D:3      | 2686 ||| UPGRADING to ring of protection from cold.
  2688 | D:3      | 2688 ||| READING scroll labelled JURA FIAMU.
  2689 | D:3      | 2689 ||| READING scroll labelled YZITOM XEEWKYU.
  2690 | D:3      | 2690 ||| DRINKING 2 murky sapphire potions.
  2691 | D:3      | 2691 ||| DRINKING 2 brown potions.
  2692 | D:3      | 2692 ||| READING 2 scrolls of identify.
  2692 | D:3      | 2692 ||| IDENTIFYING orange potion
  2693 | D:3      | 2693 ||| DROPPING potion of degeneration.
  2770 | D:4      | Found a hazy altar of Hepliaklqana.
  2787 | D:4      | Reached XP level 6. HP: 38/39 MP: 6/6
  2791 | D:4      | Noticed a water moccasin
  2801 | D:4      | Killed a water moccasin
  2826 | D:4      | Found a radiant altar of Vehumet.
  2850 | D:4      | Noticed a black bear
  2861 | D:4      | Killed a black bear
  2862 | D:4      | Reached skill level 6 in Axes
  2862 | D:4      | Reached XP level 7. HP: 27/44 MP: 7/7
  2937 | D:4      | 2937 ||| Stepping ~*~*~tactically~*~*~ (stealth).
  2943 | D:4      | 2943 ||| Stepping ~*~*~tactically~*~*~ (stealth).
  2946 | D:4      | 2946 ||| Stepping ~*~*~tactically~*~*~ (stealth).
  2964 | D:4      | Reached skill level 1 in Dodging
  3180 | D:4      | Reached skill level 7 in Axes
  3484 | D:4      | 3484 ||| READING scroll labelled ERORIU XAROGAV.
  3511 | D:5      | Entered Level 5 of the Dungeon
  3525 | D:5      | 3525 ||| Stepping ~*~*~tactically~*~*~ (hiding).
  3643 | D:5      | Reached skill level 1 in Throwing
  3643 | D:5      | Reached XP level 8. HP: 49/49 MP: 8/8
  3679 | D:5      | Found a runed translucent gate.
  3679 | D:5      | Found a runed translucent gate.
  3679 | D:5      | Found a runed translucent gate.
  3702 | D:5      | Noticed qw's ghost (amateur NaHu)
  3702 | D:5      | Noticed qw's ghost (novice GrFi)
  3702 | D:5      | Noticed qw's ghost (amateur GrHu)
  4295 | D:5      | 4295 ||| Stepping ~*~*~tactically~*~*~ (stealth).
  4297 | D:5      | 4297 ||| Stepping ~*~*~tactically~*~*~ (hiding).
  4432 | D:5      | 4432 ||| READING scroll labelled GUBBAE HEIMP.
  4451 | D:6      | 4451 ||| STAIRDANCE
  4456 | D:5      | Reached skill level 8 in Axes
  4518 | D:6      | 4518 ||| FLEEEEING.
  4519 | D:6      | 4519 ||| FLEEEEING.
  4520 | D:6      | 4520 ||| FLEEEEING.
  4544 | D:6      | Found a runed translucent gate.
  4544 | D:6      | Found a runed translucent gate.
  4546 | D:6      | Found a runed translucent gate.
  4550 | D:6      | Noticed qw's ghost (novice GrHu)
  4746 | D:6      | Reached skill level 6 in Fighting
  4912 | D:6      | 4912 ||| Stepping ~*~*~tactically~*~*~ (water).
  4980 | D:6      | 4980 ||| Invisibility monster not found???
  4986 | D:6      | 4986 ||| Stepping ~*~*~tactically~*~*~ (stealth).
  5010 | D:6      | Identified the +2 rapier "Jellyslayer" {freeze, Int+4}
  5132 | D:6      | 5132 ||| Stepping ~*~*~tactically~*~*~ (hiding).
  6570 | D:7      | Identified the +6 spear "Faavy" {freeze, rElec}
  6600 | D:7      | Found an iron altar of Okawaru.
  6601 | D:7      | 6601 ||| PLANNING OKAWARU WORSHIP
  6607 | D:7      | Found Owil's Antique Weapon Shop.
  6624 | D:7      | Reached XP level 9. HP: 49/55 MP: 9/9
  6659 | D:7      | Became a worshipper of Warmaster Okawaru
  6660 | D:7      | 6660 ||| PLANNING D:1-11
  6702 | D:7      | Noticed Dowan
  6702 | D:7      | Noticed Duvessa
  6703 | D:7      | 6703 ||| Stepping ~*~*~tactically~*~*~ (hiding).
  6711 | D:7      | Killed Dowan
  6713 | D:7      | Killed Duvessa
  6714 | D:7      | Reached skill level 9 in Axes
  6873 | D:7      | Found a stormy altar of Qazlal.
  7087 | D:7      | Found a staircase to the Ecumenical Temple.
  7088 | D:7      | 7088 ||| Stepping ~*~*~tactically~*~*~ (hiding).
  7310 | D:7      | 7310 ||| READING 5 scrolls of identify.
  7310 | D:7      | 7310 ||| IDENTIFYING bubbling ruby potion
  7311 | D:7      | 7311 ||| READING 4 scrolls of identify.
  7311 | D:7      | 7311 ||| IDENTIFYING fuming white potion
  7312 | D:7      | 7312 ||| READING 3 scrolls of identify.
  7312 | D:7      | 7312 ||| IDENTIFYING bubbling puce potion
  7313 | D:7      | 7313 ||| READING 2 scrolls of identify.
  7313 | D:7      | 7313 ||| IDENTIFYING glowing black potion
  7445 | D:8      | 7445 ||| Stepping ~*~*~tactically~*~*~ (hiding).
  7455 | D:8      | Reached * piety under Okawaru
  7470 | D:8      | Reached skill level 1 in Invocations
  7504 | D:8      | 7504 ||| Stepping ~*~*~tactically~*~*~ (hiding).
  7513 | D:8      | 7513 ||| FLEEEEING.
  7514 | D:8      | 7514 ||| FLEEEEING.
  7515 | D:8      | 7515 ||| FLEEEEING.
  7516 | D:8      | 7516 ||| FLEEEEING.
  7525 | D:8      | 7525 ||| INVOKING Heroism.
  7530 | D:8      | Reached skill level 3 in Invocations
  7533 | D:8      | Reached XP level 10. HP: 19/63 MP: 8/13
  7534 | D:8      | Reached ** piety under Okawaru
  7535 | D:8      | Reached skill level 10 in Axes
  7750 | D:8      | Found an ornate altar of the Wu Jian Council.
  7944 | D:8      | 7944 ||| INVOKING Heroism.
  8003 | D:8      | 8003 ||| INVOKING Heroism.
  8113 | D:8      | 8113 ||| INVOKING Heroism.
  8136 | D:8      | 8136 ||| FLEEEEING.
  8137 | D:8      | 8137 ||| FLEEEEING.
  8205 | D:8      | 8205 ||| Stepping ~*~*~tactically~*~*~ (stealth).
  8211 | D:8      | 8211 ||| Stepping ~*~*~tactically~*~*~ (stealth).
  8214 | D:8      | 8214 ||| Stepping ~*~*~tactically~*~*~ (hiding).
  8215 | D:8      | 8215 ||| Stepping ~*~*~tactically~*~*~ (hiding).
  8217 | D:8      | 8217 ||| Stepping ~*~*~tactically~*~*~ (hiding).
  8227 | D:8      | 8227 ||| Stepping ~*~*~tactically~*~*~ (stealth).
  8228 | D:8      | 8228 ||| Stepping ~*~*~tactically~*~*~ (hiding).
  8231 | D:8      | 8231 ||| Stepping ~*~*~tactically~*~*~ (hiding).
  8232 | D:8      | 8232 ||| Stepping ~*~*~tactically~*~*~ (hiding).
  8234 | D:8      | 8234 ||| Stepping ~*~*~tactically~*~*~ (hiding).
  8295 | D:8      | 8295 ||| Stepping ~*~*~tactically~*~*~ (stealth).
  8322 | D:8      | Found a glowing golden altar of the Shining One.
  8322 | D:8      | Found an ancient bone altar of Kikubaaqudgha.
  8462 | D:8      | 8462 ||| DRINKING 2 black potions.
  8462 | D:8      | Gained mutation: Your flesh is cold resistant. (rC+)
                  | [potion of mutation]
  8462 | D:8      | Gained mutation: Your spells are a little harder to cast,
                  | but a little more powerful. [potion of mutation]
  8462 | D:8      | Gained mutation: You passively dampen the noise of your
                  | surroundings. [potion of mutation]
  8463 | D:8      | 8463 ||| UPGRADING to ring of willpower.
  8465 | D:8      | 8465 ||| DRINKING 2 bubbling sapphire potions.
  8482 | D:8      | 8482 ||| READING 2 scrolls of identify.
  8482 | D:8      | 8482 ||| IDENTIFYING smoky red potion
  8483 | D:8      | 8483 ||| DROPPING potion of ambrosia.
  8514 | D:8      | 8514 ||| Stepping ~*~*~tactically~*~*~ (stealth).
  8515 | D:8      | 8515 ||| Stepping ~*~*~tactically~*~*~ (stealth).
  8516 | D:8      | 8516 ||| Stepping ~*~*~tactically~*~*~ (stealth).
  8518 | D:8      | 8518 ||| Stepping ~*~*~tactically~*~*~ (stealth).
  8541 | D:9      | Noticed a kobold demonologist
  8544 | D:9      | 8544 ||| INVOKING Heroism.
  8560 | D:9      | Killed a kobold demonologist
  8561 | D:9      | Reached skill level 11 in Axes
  8589 | D:9      | Found a flagged portal.
  8656 | D:9      | Noticed Maurice
  8657 | D:9      | 8657 ||| Stepping ~*~*~tactically~*~*~ (stealth).
  8659 | D:9      | 8659 ||| Stepping ~*~*~tactically~*~*~ (hiding).
  8660 | D:9      | 8660 ||| Stepping ~*~*~tactically~*~*~ (hiding).
  8663 | D:9      | 8663 ||| Stepping ~*~*~tactically~*~*~ (hiding).
  8675 | D:9      | Killed Maurice
  8694 | D:9      | 8694 ||| Stepping ~*~*~tactically~*~*~ (stealth).
  8695 | D:9      | 8695 ||| Stepping ~*~*~tactically~*~*~ (stealth).
  8701 | D:9      | Reached *** piety under Okawaru
  8702 | D:9      | Reached skill level 6 in Armour
  8703 | D:9      | Found a staircase to the Orcish Mines.
  8720 | D:9      | 8720 ||| INVOKING Heroism.
  8821 | D:9      | 8821 ||| Stepping ~*~*~tactically~*~*~ (hiding).
  8846 | D:9      | Reached skill level 9 in Fighting
  8846 | D:9      | Reached XP level 11. HP: 70/71 MP: 14/14
  8974 | D:9      | 8974 ||| INVOKING Heroism.
  9241 | D:9      | 9241 ||| Stepping ~*~*~tactically~*~*~ (hiding).
  9242 | D:9      | 9242 ||| Stepping ~*~*~tactically~*~*~ (hiding).
  9246 | D:9      | 9246 ||| INVOKING Heroism.
  9311 | D:9      | 9311 ||| UPGRADING to +0 plate armour.
  9321 | D:9      | 9321 ||| DROPPING +0 chain mail.
  9322 | D:9      | 9322 ||| READING 2 scrolls of identify.
  9322 | D:9      | 9322 ||| IDENTIFYING fizzy sapphire potion
  9323 | D:9      | 9323 ||| DROPPING potion of berserk rage.
  9337 | D:10     | Entered Level 10 of the Dungeon
  9399 | D:10     | Found a staircase to the Lair.
  9439 | D:10     | 9439 ||| INVOKING Heroism.
  9528 | D:10     | Noticed a two-headed ogre
  9529 | D:10     | 9529 ||| INVOKING Heroism.
  9536 | D:10     | Killed a two-headed ogre
  9593 | D:10     | Reached **** piety under Okawaru
  9599 | D:10     | Identified the +5 falchion of the Hurting Gods {freeze,
                  | Str+5 Int-5}
  9603 | D:10     | Noticed a deep elf archer
  9604 | D:10     | 9604 ||| Stepping ~*~*~tactically~*~*~ (hiding).
  9613 | D:10     | 9613 ||| INVOKING Heroism.
  9623 | D:10     | 9623 ||| DRINKING 2 potions of curing.
  9623 | D:10     | 9623 ||| (to cure confusion)
  9648 | D:10     | 9648 ||| INVOKING Heroism.
  9658 | D:10     | Killed a deep elf archer
  9659 | D:10     | Reached skill level 12 in Axes
  9744 | D:10     | Noticed a deep elf pyromancer
  9744 | D:10     | Noticed a skeletal warrior
  9745 | D:10     | 9745 ||| INVOKING Heroism.
  9746 | D:10     | Noticed a cyclops
  9747 | D:10     | Noticed an ogre mage
  9754 | D:10     | Killed a deep elf pyromancer
  9759 | D:10     | Killed a skeletal warrior
  9763 | D:10     | Killed a cyclops
  9764 | D:10     | Reached skill level 6 in Shields
  9764 | D:10     | 9764 ||| Stepping ~*~*~tactically~*~*~ (hiding).
  9765 | D:10     | HP: 12/71 [something/bolt of magma (15)]
  9766 | D:10     | 9766 ||| READING 4 scrolls of teleportation.
  9767 | D:10     | 9767 ||| DRINKING 2 potions of heal wounds.
  9811 | D:10     | 9811 ||| INVOKING Heroism.
  9848 | D:10     | 9848 ||| Stepping ~*~*~tactically~*~*~ (stealth).
  9849 | D:10     | 9849 ||| Stepping ~*~*~tactically~*~*~ (stealth).
  9923 | D:10     | 9923 ||| Stepping ~*~*~tactically~*~*~ (stealth).
  9924 | D:10     | 9924 ||| Stepping ~*~*~tactically~*~*~ (stealth).
  9931 | D:10     | Reached ***** piety under Okawaru
  9934 | D:10     | Noticed a deep elf pyromancer
  9935 | D:10     | 9935 ||| Stepping ~*~*~tactically~*~*~ (stealth).
  9943 | D:10     | 9943 ||| Stepping ~*~*~tactically~*~*~ (stealth).
  9977 | D:10     | 9977 ||| Stepping ~*~*~tactically~*~*~ (hiding).
  9979 | D:10     | 9979 ||| INVOKING Heroism.
  9980 | D:10     | Noticed a two-headed ogre
  9981 | D:10     | Noticed a seven-headed hydra
  9994 | D:10     | Killed a two-headed ogre
  9995 | D:10     | Reached skill level 6 in Invocations
  9995 | D:10     | Noticed a deep elf pyromancer
 10002 | D:10     | Killed a three-headed hydra
 10002 | D:10     | Received a gift from Okawaru
 10003 | D:10     | Reached XP level 12. HP: 50/76 MP: 15/17
 10016 | D:10     | HP: 19/76 [burnt (2)]
 10016 | D:10     | Killed from afar by a deep elf pyromancer

Levels and vault maps discovered:
D:1:      elethiomel_arrival_shortcut, layout_basic, hex_intersection
D:2:      layout_loops_corners, serial_shops, shop, bh_walls_and_bars
D:3:      cheibrodos_old_hovel, layout_basic
D:4:      layout_cave_pools, lemuel_crystal_altar, lemuel_tele_altar
D:5:      layout_basic, gammafunk_ghost_cemetery, grunt_ministairs_11
D:6:      layout_layer_cave, gammafunk_ghost_split, serial_rivers,
          chequers_serial_rivers_small_b, chequers_serial_rivers_micro_a,
          chequers_serial_rivers_micro_b, chequers_serial_rivers_small_a,
          chequers_serial_rivers_micro_d, chequers_serial_rivers_large_b
D:7:      layout_loops_ring, mainiacjoe_overflow_small_starburst,
          lemuel_crystal_altar, minmay_temple_entry_proselytizer, serial_shops,
          shop, minmay_misc_feat_roman, uniq_duvessa
D:8:      kennysheep_six_static_rooms, layout_basic, mainiacjoe_overflow_paths,
          gammafunk_temple_overflow_wave
D:9:      layout_roguey, david_orc_2, enter_bailey_2, uniq_maurice
D:10:     minmay_the_grid_square_5x5_4x4
          [minmay_the_grid_square_5x5_three_small,
          minmay_the_grid_square_5x5_shuriken,
          minmay_the_grid_square_5x5_two_small,
          minmay_the_grid_square_5x5_three_walls,
          minmay_the_grid_square_5x5_plus,
          minmay_the_grid_square_5x5_prize_deathbox,
          minmay_the_grid_square_5x5_prize_junk,
          minmay_the_grid_square_5x5_inner_i, minmay_the_grid_square_5x5_corner,
          minmay_the_grid_square_5x5_prize_monsterx,
          minmay_the_grid_square_5x5_prize_gold,
          minmay_the_grid_square_5x5_intrusive_squares,
          minmay_the_grid_square_5x5_checkered_statues,
          minmay_the_grid_square_5x5_inverted_slash,
          minmay_the_grid_square_5x5_sharp_hourglass,
          minmay_the_grid_square_5x5_tetrominoes], layout_grid_maze,
          mainiacjoe_overflow_divided_tiny

Skill      XL: |  1  2  3  4  5  6  7  8  9 10 11 |
---------------+----------------------------------+-----
Axes           | 2 3 4 5 6 7 8 9 11 12 | 12.1
Fighting       | 4 5 6 7 9 |  9.1
Dodging        | 1 2 |  2.0
Throwing       | 1 2 |  2.1
Armour         | 4 5 6 8 |  8.9
Shields        | 4 5 6 |  6.1
Invocations    | 4 6 |  6.6

Action                     |  1- 3 |  4- 6 |  7- 9 | 10-12 || total
---------------------------+-------+-------+-------+-------++-------
  Melee: War axe           |   123 |   135 |   245 |   311 ||   814
  Throw: Boomerang         |       |       |    78 |    30 ||   108
 Invoke: Heroism           |       |       |     1 |    14 ||    15
    Use: Scroll            |     3 |     5 |     6 |     3 ||    17
         Potion            |     1 |     2 |       |     4 ||     7
 Armour: Scale mail        |    88 |    31 |       |       ||   119
         Chain mail        |       |    58 |   149 |    99 ||   306
         Plate armour      |       |       |       |    95 ||    95
  Dodge: Dodged            |    91 |    78 |    93 |   102 ||   364
  Block: Buckler           |    31 |    24 |    49 |    62 ||   166

Table legend:
 A = Non-vault XP
 B = Vault XP
 C = Vault XP percentage of total XP
 D = Non-vault monster count
 E = Vault monster count
 F = Vault count percentage of total count
                 A         B        C        D         E       F
            +---------+---------+-------+---------+---------+-------
      Total |    9609 |    9109 |  48.7 |     218 |      42 |  16.2
            +---------+---------+-------+---------+---------+-------
        D:1 |      41 |       0 |   0.0 |      21 |       0 |   0.0
        D:2 |      92 |       0 |   0.0 |      21 |       0 |   0.0
        D:3 |     117 |       3 |   2.5 |      19 |       1 |   5.0
        D:4 |     811 |       0 |   0.0 |      30 |       0 |   0.0
        D:5 |     520 |      26 |   4.8 |      16 |       2 |  11.1
        D:6 |     559 |       0 |   0.0 |      19 |       0 |   0.0
        D:7 |     620 |     271 |  30.4 |      17 |       3 |  15.0
        D:8 |    3407 |     708 |  17.2 |      46 |       6 |  11.5
        D:9 |    3244 |     487 |  13.1 |      28 |       7 |  20.0
       D:10 |     198 |    7614 |  97.5 |       1 |      23 |  95.8
            +---------+---------+-------+---------+---------+-------
